 Dungeon Crawl Stone Soup version 0.30-a0-1160-g6e42c06551 (webtiles) character file.

Game seed: 16953939236501998857

102354 greasedhog the Acrobat (level 16, -4/136 HPs)
             Began as a Merfolk Fighter on Apr 26, 2023.
             Was a High Priest of Okawaru.
             Slain by a green very ugly thing (8 damage)
             ... on level 3 of the Abyss.
             The game lasted 00:55:51 (27778 turns).

greasedhog the Acrobat (Merfolk Fighter)           Turns: 27778, Time: 00:55:52

Health: -4/136     AC: 14    Str: 14      XL:     16   Next: 33%
Magic:  3/20       EV: 35    Int:  0 (14) God:    Okawaru [*****.]
Gold:   2468       SH: 13    Dex: 18      Spells: 15/15 levels left

rFire   . . .        o - +2 scimitar (elec)
rCold   + + +        W - +2 buckler {rC+}
rNeg    . . .        N - +4 skin of Zhor {*Englaciate rC+++ SInv}
rPois   .            P - +0 helmet
rElec   +            x - +2 cloak
rCorr   .            l - +1 pair of gloves of Crawling {Dex+3}
SInv    +            R - +0 pair of boots of Coetineir {rElec Regen+ Int+5 Dex-5}
Will    +....        e - amulet of reflection
Stlth   +++          S - +4 ring of slaying
HPRegen 0.00/turn    a - ring "Utoigh Alucy" {EV+5 Str+2}
MPRegen 0.17/turn

%: reflection
@: heroic, inhibited regen, slowed, lost intelligence, unable to read, unable to
drink, very slow
A: (nimble swimmer 2), mertail, [deterioration 2], [low MP 2], [inhibited
regeneration], [weak 2], [inability to drink after injury 2]
a: Renounce Religion, Heroism, Finesse, Duel


You were on level 3 of the Abyss.
You worshipped Okawaru.
Okawaru was extremely pleased with you.
You visited 4 branches of the dungeon, and saw 23 of its levels.
You visited the Abyss 1 time.
You also visited: Ice Cave.

You collected 2628 gold pieces.
You spent 160 gold pieces at shops.

Inventory:

Hand Weapons
 b - a +1 falchion of holy wrath
 o - a +2 scimitar of electrocution (weapon)
 O - a +0 scimitar of flaming
Missiles
 f - a throwing net
 M - 24 boomerangs (quivered)
Armour
 l - the +1 pair of gloves of Crawling (worn) {Dex+3}
   (Okawaru gifted it to you on level 14 of the Dungeon)

   Dex:       It affects your dexterity (+3).
 x - a +2 cloak (worn)
 N - the +4 skin of Zhor (worn) {*Englaciate rC+++ SInv}
   (You found it on level 4 of the Lair of Beasts)

   *Englaciate: It radiates cold, occasionally slowing all nearby creatures who
   are not resistant to cold.
   rC:        It renders you almost immune to cold.
   SInv:      It lets you see invisible.
 P - a +0 helmet (worn)
 R - the +0 pair of boots of Coetineir (worn) {rElec Regen+ Int+5 Dex-5}
   (Okawaru gifted it to you on level 2 of the Lair of Beasts)

   Int:       It affects your intelligence (+5).
   Dex:       It affects your dexterity (-5).
   rElec:     It insulates you from electricity.
   Regen:     It increases your rate of health regeneration.
 W - a +2 buckler of cold resistance (worn)
 X - +0 gold dragon scales
Jewellery
 a - the ring "Utoigh Alucy" (right hand) {EV+5 Str+2}
   (You acquired it on level 5 of the Dungeon)

   [ring of evasion]

   EV:        It affects your evasion (+5).
   Str:       It affects your strength (+2).
 c - a ring of positive energy
 e - an amulet of reflection (around neck)
 G - a ring of fire
 S - a +4 ring of slaying (left hand)
 U - an amulet of regeneration
 Y - the ring of Jyanit Lusch {rElec Str+3 Int+6}
   (You found it in an ice cave)

   [ring of intelligence]

   Str:       It affects your strength (+3).
   Int:       It affects your intelligence (+6).
   rElec:     It insulates you from electricity.
Wands
 n - a wand of light (6)
 r - a wand of mindburst (23)
 I - a wand of flame (18)
 L - a wand of polymorph (25)
 T - a wand of digging (5)
Scrolls
 i - 2 scrolls of amnesia
 m - 5 scrolls of teleportation
 p - 2 scrolls of blinking
 q - 4 scrolls of fog
 t - 2 scrolls of silence
 v - 2 scrolls of poison
 y - 2 scrolls of brand weapon
 A - 4 scrolls of enchant armour
 F - 2 scrolls of enchant weapon
 H - 5 scrolls of magic mapping
 J - 2 scrolls of fear
 K - a scroll of identify
Potions
 d - 4 potions of might
 g - 6 potions of mutation
 h - 6 potions of heal wounds
 j - 7 potions of flight
 k - 4 potions of lignification
 u - 6 potions of curing
 w - 2 potions of brilliance {unknown}
 z - 5 potions of magic {unknown}
 B - a potion of resistance {unknown}
 C - a potion of attraction {unknown}
 D - 2 potions of haste
 E - a potion of cancellation {unknown}
 V - a potion of degeneration {unknown}
Miscellaneous
 Q - a lightning rod (4/4)


   Skills:
 + Level 15.6(20.6) Fighting
 - Level 14.0(19.0) Long Blades
 - Level 2.1(7.1) Armour
 * Level 24.6(27) Dodging
 - Level 3.0(8.0) Shields
 - Level 12.0 Invocations


You had 15 spell levels left.
You didn't know any spells.
Your spell library contained the following spells:

 Spells                   Type           Power      Damage    Failure   Level
 Foxfire                  Conj/Fire      0%         2x1d4     67%         1
 Freeze                   Ice            0%         1d3       67%         1
 Slow                     Hex            0%         N/A       67%         1
 Sting                    Tmut/Pois      0%         1d3       67%         1
 Lesser Beckoning         Tloc           0%         N/A       82%         2
 Poisonous Vapours        Pois/Air       0%         N/A       82%         2
 Scorch                   Fire           0%         2d5       82%         2
 Confusing Touch          Hex            0%         N/A       96%         3
 Gell's Gravitas          Tloc           0%         N/A       96%         3
 Ignite Poison            Fire/Tmut/Pois 0%         N/A       96%         3
 Mephitic Cloud           Conj/Pois/Air  0%         N/A       96%         3
 Portal Projectile        Hex/Tloc       0%         N/A       96%         3
 Teleport Other           Tloc           0%         N/A       96%         3
 Vampiric Draining        Necr           0%         2d6       96%         3
 Vhi's Electric Charge    Tloc/Air       0%         N/A       96%         3
 Olgreb's Toxic Radiance  Pois           0%         N/A       100%        4
 Sticky Flame             Conj/Fire      0%         2d3       100%        4
 Arcjolt                  Conj/Air       0%         1d10      100%        5
 Blade Hands              Tmut           0%         N/A       100%        5
 Fireball                 Conj/Fire      0%         3d3       100%        5
 Freezing Cloud           Conj/Ice/Air   0%         6-21      100%        5
 Iskenderun's Battlesphe  Conj           0%         2d6       100%        5
 Metabolic Englaciation   Hex/Ice        0%         N/A       100%        5
 Dispersal                Tloc           0%         N/A       100%        6
 Iron Shot                Conj/Erth      0%         9d1       100%        6
 Plasma Beam              Fire/Air       0%         2x1d11    100%        6
 Starburst                Conj/Fire      0%         6d3       100%        6
 Discord                  Hex            0%         N/A       100%        8
 Ignition                 Fire           0%         3d3       100%        8
 Fire Storm               Conj/Fire      0%         5d1       100%        9
 Summon Small Mammal      Summ           Unusable   N/A       N/A         1
 Tukima's Dance           Hex            Unusable   N/A       N/A         3
 Spellforged Servitor     Conj/Summ      Unusable   N/A       N/A         7

Dungeon Overview and Level Annotations

Branches:
Dungeon (15/15)            Temple (1/1) D:7            Lair (5/5) D:8
  Swamp (0/4) Lair:3       Spider (0/4) Lair:2        Slime (0/5) Lair:4
    Orc (2/2) D:12            Elf (0/3) Orc:2        Vaults (0/5) D:13
  IceCv (visited)
 Depths: D:15

Altars:
Ashenzari
Cheibriados
Dithmenos
Elyvilon
Fedhas
Gozag
Hepliaklqana
Kikubaaqudgha
Makhleb
Nemelex Xobeh
Okawaru
Qazlal
Ru
Sif Muna
Trog
Uskayaw
Vehumet
Wu Jian
Xom
Yredelemnul
Zin
The Shining One

Shops:
D:1 ?   D:5 !   D:10 (   Orc:1 :   Orc:2 **[:


Innate Abilities, Weirdness & Mutations

((You are very nimble when in or above water. (Stealth+, EV+, Speed+++)))
Your lower body shifts to a powerful aquatic tail in water.
[Your body often deteriorates upon taking damage.]
[Your magical capacity is very low. (-20% MP)]
[You do not regenerate when monsters are visible.]
[You are very weak. (Str -4)]
[You sometimes lose the ability to drink potions when taking damage.]


Message History

The green very ugly thing claws you but does no damage.
You hit the thrashing horror but do no damage.
The thrashing horror closely misses you.
You block the thrashing horror's attack.
The worldbinder calls forth creatures from the Snake Pit!
The starcursed mass touches you but does no damage.
You block the thrashing horror's attack.
The thrashing horror closely misses you.
The worldbinder calls forth creatures from the Snake Pit!
You block the green very ugly thing's attack.
You hit the thrashing horror.
The thrashing horror is lightly damaged.
The starcursed mass is no longer moving slowly. x3
The naga warrior disappears in a puff of smoke!
You block the thrashing horror's attack. x2
You block the starcursed mass's attack.
The starcursed mass touches you but does no damage.
The green very ugly thing closely misses you.
The thrashing horror barely misses you.
You block the thrashing horror's attack.
You slice the thrashing horror!!
The thrashing horror is severely damaged.
The naga warrior disappears in a puff of smoke!
The large abomination is no longer moving slowly.
The thrashing horror completely misses you.
You block the thrashing horror's attack.
The worldbinder calls forth creatures from the Snake Pit!
The thrashing horror completely misses you. x2
A cacophony of accursed wailing tears at your sanity!
* * * LOW HITPOINT WARNING * * *
The green very ugly thing claws you.
* * * LOW HITPOINT WARNING * * *
A starcursed mass splits.
You completely miss the thrashing horror.
The thrashing horror is severely damaged.
The thrashing horror completely misses you.
You block the thrashing horror's attack.
The worldbinder calls forth creatures from the Snake Pit!
The starcursed mass misses you. The green very ugly thing claws you!
You die...

.. . # #.#####
#.≈8 .. #.### † ≈
#.# #X##..... #
#.###Z.X.3 ⌠ #.
#4.X3∩u..... φ
#.#X *#.X3X...⌠
..##.Xu#X#X3#ZG†..
#...XX@Xx#.# . ≈≈
#..#####XSS.##.≈8
# # X#..#### ... .
.......# . .. ...
#.# ##..### ...
#.##


You could see 8 starcursed masses, a green very ugly thing, a wretched star
(summoned), a glowing orange brain, 3 thrashing horrors, a large abomination
(summoned), a mana viper (summoned), a worldbinder (summoned), a black mamba
(summoned), 3 neqoxecs, a chaos spawn (summoned), a harpy skeleton and a centaur
warrior skeleton (summoned).

Vanquished Creatures
  A golden dragon (IceCv)
  2 tentacled starspawn (Abyss:2)
  A deep elf sorcerer (Abyss:2)
  2 very ugly things
  A blizzard demon (Abyss:2)
  Snorg (Lair:3)
  An eidolon (Abyss:2)
  A quicksilver dragon zombie (Abyss:2)
  Fannar (D:11)
  5 ice dragons (IceCv)
  A vault guard (D:13)
  5 hydras
  2 catoblepae
  4 centaur warriors
  Erica (D:11)
  A death knight (D:14)
  4 boulder beetles
  10 death yaks
  A deep troll shaman (Lair:5)
  2 two-headed ogres
  An orc high priest (Orc:2)
  Urug (D:12)
  Nergalle (D:11)
  3 skysharks
  2 phantasmal warriors (D:14)
  2 orc knights (Orc:2)
  A lindwurm (Lair:5)
  A wolf spider (Lair:2)
  3 manticores
  5 orc sorcerers (Orc:2)
  6 cyclopes
  3 oklob plants (Lair:2)
  8 ugly things
  33 elephants
  Maurice (D:13)
  Joseph (D:7)
  8 black mambas
  A demonic crawler (Abyss:2)
  3 torpor snails
  An apocalypse crab (Abyss:2)
  2 gargoyles (D:12)
  4 storm dragon simulacra (IceCv)
  An unseen horror (shapeshifter) (Abyss:2)
  13 cane toads
  An efreet (D:15)
  A kobold demonologist (D:9)
  7 komodo dragons
  6 rime drakes
  An ice devil (Abyss:2)
  An ancient zyme (Abyss:2)
  2 freezing wraiths
  4 golden dragon simulacra (IceCv)
  4 trolls
  2 hornets
  2 polar bears
  A raiju (Abyss:2)
  4 large abominations (Abyss:2)
  Sigmund (D:2)
  3 flying skulls (Abyss:2)
  9 slime creatures
  4 wraiths
  10 wyverns
  11 humans (D:13)
  4 basilisks
  23 yaks
  A small abomination (Abyss:2)
  3 steam dragons
  17 vampire mosquitoes
  4 wargs (Orc:2)
  2 acid dragons
  10 water moccasins
  32 orc warriors
  A sky beast (D:8)
  An ice beast (Temple)
  A black bear (D:8)
  6 ice dragon simulacra (IceCv)
  6 ogres
  21 wolves
  5 centaurs
  2 phantoms
  3 kobold brigands
  3 necrophages (D:7)
  7 bullfrogs
  5 scorpions (D:6)
  A water moccasin zombie (D:7)
  A wight (D:7)
  5 killer bees (D:8)
  7 lindwurm simulacra (IceCv)
  14 howler monkeys
  3 electric eels
  2 bullfrog zombies (D:7)
  A quasit (Abyss:2)
  A human zombie (D:7)
  A centaur zombie (D:7)
  An iron imp (Abyss:2)
  A hound (D:4)
  3 jellies
  23 orc priests
  A sleepcap (D:5)
  3 iguanas
  Ijyb (D:3)
  46 orc wizards
  A killer bee zombie (D:7)
  2 mummies (D:7)
  A gnoll (D:1)
  An adder (D:3)
  A shadow imp (D:6)
  2 white imps (D:8)
  4 ufetubi
  2 worms (D:2)
  A dart slug (D:2)
  94 orcs
  4 endoplasms
  3 giant cockroaches
  9 hobgoblins
  10 jackals
  14 kobolds
  2 quokkas (D:3)
  3 training dummies (D:10)
  8 ball pythons
  6 bats
  2 frilled lizards
  9 goblins
  3 rats
  2 tentacles (Abyss:2)
682 creatures vanquished.

Vanquished Creatures (others)
  A deep elf pyromancer (D:12)
  5 dream sheep (D:9)
  A small abomination (Abyss:2)
  An orc wizard (D:8)
  28 fungi
  63 plants
  14 starspawn tentacles (Abyss:2)
  4 tentacles (Abyss:2)
117 creatures vanquished.

Grand Total: 799 creatures vanquished

Notes
Turn   | Place    | Note
-------+----------+-------------------------------------------
     0 | D:1      | greasedhog the Merfolk Fighter began the quest for the Orb.
     0 | D:1      | Reached XP level 1. HP: 18/18 MP: 1/1
    40 | D:1      | Reached XP level 2. HP: 7/24 MP: 2/2
   339 | D:1      | Reached XP level 3. HP: 22/30 MP: 3/3
   404 | D:1      | Found Zigil's Magic Scroll Boutique.
   407 | D:1      | Bought a scroll of identify for 28 gold pieces
   821 | D:2      | Got the Vellum of the Icy Coward
  1087 | D:2      | Reached XP level 4. HP: 36/37 MP: 4/4
  1149 | D:2      | Noticed Sigmund
  1165 | D:2      | Killed Sigmund
  1166 | D:2      | Reached XP level 5. HP: 34/43 MP: 5/5
  1378 | D:3      | Reached XP level 6. HP: 50/50 MP: 6/6
  1737 | D:3      | Found a faded altar of an unknown god.
  2066 | D:3      | Noticed Ijyb
  2075 | D:3      | Killed Ijyb
  2076 | D:3      | Reached skill level 5 in Fighting
  2606 | D:4      | Found a blossoming altar of Fedhas.
  3045 | D:5      | Entered Level 5 of the Dungeon
  3079 | D:5      | Identified a scroll of acquirement
  3083 | D:5      | Acquired the ring "Utoigh Alucy" {EV+5 Str+2}
  3169 | D:5      | Reached XP level 7. HP: 26/56 MP: 7/7
  3620 | D:5      | Found Exzeid's Distillery.
  3926 | D:5      | Found an ancient bone altar of Kikubaaqudgha.
  4078 | D:6      | Reached skill level 1 in Dodging
  4078 | D:6      | Reached XP level 8. HP: 65/65 MP: 8/8
  4176 | D:6      | Reached skill level 2 in Dodging
  4569 | D:6      | Reached skill level 3 in Dodging
  4579 | D:6      | Reached skill level 10 in Long Blades
  4717 | D:6      | Reached skill level 4 in Dodging
  5202 | D:7      | Noticed Joseph
  5220 | D:7      | Killed Joseph
  5221 | D:7      | Reached skill level 5 in Dodging
  5221 | D:7      | Reached XP level 9. HP: 67/70 MP: 9/9
  5256 | D:7      | Noticed a purple ugly thing
  5274 | D:7      | Killed a purple ugly thing
  5275 | D:7      | Reached skill level 6 in Dodging
  5377 | D:7      | Found a hide-covered altar of Uskayaw.
  5673 | D:7      | Found a staircase to the Ecumenical Temple.
  5706 | Temple   | Entered the Ecumenical Temple
  5714 | Temple   | Reached skill level 7 in Dodging
  6392 | D:7      | Reached skill level 8 in Dodging
  6392 | D:7      | Reached XP level 10. HP: 77/77 MP: 10/10
  6392 | D:7      | Found a basalt altar of Yredelemnul.
  7057 | D:8      | HP: 2/77 [something (6)]
  7060 | D:8      | Reached skill level 9 in Dodging
  7343 | D:8      | Found a staircase to the Lair.
  7513 | D:8      | Reached skill level 10 in Dodging
  8023 | D:8      | Found an iron altar of Okawaru.
  8031 | D:8      | Became a worshipper of Warmaster Okawaru
  8479 | D:8      | Reached skill level 11 in Dodging
  8488 | D:8      | Reached skill level 1 in Invocations
  8775 | D:9      | Reached * piety under Okawaru
  8911 | D:9      | Noticed a two-headed ogre
  8923 | D:9      | Killed a two-headed ogre
  8924 | D:9      | Reached skill level 12 in Dodging
  8924 | D:9      | Reached XP level 11. HP: 83/84 MP: 11/13
  9102 | D:9      | Found a shimmering altar of Xom.
  9218 | D:9      | Found a bloodstained altar of Trog.
  9559 | D:10     | Entered Level 10 of the Dungeon
  9696 | D:10     | Reached skill level 13 in Dodging
  9924 | D:10     | Identified the staff of fire "Zyph" {rF+ Str+3}
 10032 | D:10     | Found Ychim's Firing Range.
 10382 | D:11     | Noticed a two-headed ogre
 10397 | D:11     | Killed a two-headed ogre
 10397 | D:11     | Reached ** piety under Okawaru
 10438 | D:11     | Noticed a centaur warrior
 10462 | D:11     | Killed a centaur warrior
 10463 | D:11     | Reached skill level 5 in Invocations
 10534 | D:11     | Reached skill level 14 in Dodging
 10790 | D:11     | Noticed Erica
 10791 | D:11     | Noticed a cyclops
 10807 | D:11     | Killed Erica
 10807 | D:11     | Reached *** piety under Okawaru
 10813 | D:11     | Killed a cyclops
 10880 | D:11     | Noticed Nergalle
 10922 | D:11     | Killed Nergalle
 11019 | D:11     | Noticed Fannar
 11025 | D:11     | Noticed a boulder beetle
 11043 | D:11     | Killed Fannar
 11044 | D:11     | Reached skill level 15 in Dodging
 11239 | D:11     | Noticed a cyclops
 11251 | D:11     | Killed a cyclops
 11580 | D:11     | Killed a boulder beetle
 11580 | D:11     | Reached **** piety under Okawaru
 11581 | D:11     | Reached XP level 12. HP: 69/91 MP: 15/17
 11776 | D:11     | Identified the +3 chain mail "Rieg" {Rampage rC+ rCorr
                  | Stlth+}
 12165 | D:11     | Reached skill level 16 in Dodging
 12499 | D:12     | Noticed a boulder beetle
 12641 | D:12     | Killed a boulder beetle
 13625 | D:12     | Reached ***** piety under Okawaru
 13664 | D:12     | Noticed Urug
 13935 | D:12     | Killed Urug
 14207 | D:12     | Reached skill level 10 in Fighting
 14599 | D:12     | Found a staircase to the Orcish Mines.
 14731 | Orc:1    | Entered Level 1 of the Orcish Mines
 14835 | Orc:2    | Entered Level 2 of the Orcish Mines
 14835 | Orc:2    | Found a staircase to the Elven Halls.
 15811 | Orc:2    | Reached XP level 13. HP: 41/106 MP: 18/20
 16231 | Orc:2    | Paralysed by an orc sorcerer for 2 turns
 16400 | Orc:2    | Reached skill level 10 in Invocations
 16602 | Orc:2    | Found Ikofajuj's Antique Armour Boutique.
 16606 | Orc:2    | Found Jubrall's Book Boutique.
 16619 | Orc:2    | Found Itomant's General Store.
 16626 | Orc:2    | Found Icosie's General Store.
 16644 | Orc:2    | Bought a scroll of identify for 22 gold pieces
 16644 | Orc:2    | Bought 2 potions of heal wounds for 110 gold pieces
 16899 | Orc:1    | Found Methreh's Book Boutique.
 17673 | Orc:1    | Found a shimmering blue altar of Sif Muna.
 17740 | Orc:1    | Got Sif Muna's Teachings on Frostbite
 17966 | Lair:1   | Entered Level 1 of the Lair of Beasts
 18325 | Lair:1   | Reached skill level 17 in Dodging
 18329 | Lair:1   | Received a gift from Okawaru
 18429 | Lair:1   | Got the Secrets of Subjectivity
 18994 | Lair:2   | Identified the +0 robe of Zoiwum {rF+ Str+2 Dex-3}
 19744 | Lair:2   | Found a hole to the Spider Nest.
 19754 | Lair:2   | Reached skill level 18 in Dodging
 19858 | Lair:2   | Identified the +0 pair of boots of Coetineir {rElec Regen+
                  | Int+5 Dex-5} (Okawaru gifted it to you on level 2 of the
                  | Lair of Beasts)
 19858 | Lair:2   | Received a gift from Okawaru
 20206 | Lair:3   | Found a staircase to the Swamp.
 20229 | Lair:3   | Reached XP level 14. HP: 115/115 MP: 22/22
 20313 | Lair:3   | Noticed Snorg
 20331 | Lair:3   | Killed Snorg
 20611 | Lair:3   | Reached skill level 19 in Dodging
 21032 | Lair:4   | Found the +4 skin of Zhor {*Englaciate rC+++ SInv}
 21423 | Lair:4   | Found a staircase to the Slime Pits.
 21622 | Lair:4   | Reached skill level 20 in Dodging
 21823 | Lair:5   | Entered Level 5 of the Lair of Beasts
 21938 | Lair:5   | Identified the +2 pair of boots of Claustrophobia {rElec}
                  | (Okawaru gifted it to you on level 5 of the Lair of Beasts)
 21938 | Lair:5   | Received a gift from Okawaru
 22320 | Lair:5   | Reached skill level 21 in Dodging
 22595 | Lair:5   | Reached XP level 15. HP: 120/124 MP: 24/24
 23042 | Lair:5   | Reached ****** piety under Okawaru
 23112 | Lair:5   | Reached skill level 22 in Dodging
 23307 | Lair:5   | Identified the +0 pair of boots "Kyhammask" {rN+ Int+3}
                  | (Okawaru gifted it to you on level 5 of the Lair of Beasts)
 23307 | Lair:5   | Received a gift from Okawaru
 23419 | Lair:5   | Identified the +5 sling "Baic" {speed, Str+7 Dex+4}
 24108 | D:13     | Found a gate to the Vaults.
 24203 | D:13     | Noticed Maurice
 24219 | D:13     | Killed Maurice
 25285 | D:14     | Reached skill level 23 in Dodging
 25303 | D:14     | Found a frozen archway.
 25347 | IceCv    | Entered an ice cave
 26201 | IceCv    | Noticed a golden dragon
 26233 | IceCv    | Killed a golden dragon
 26271 | IceCv    | Reached skill level 15 in Fighting
 26323 | IceCv    | Identified the ring of Jyanit Lusch {rElec Str+3 Int+6}
 26629 | D:14     | Identified the +1 pair of gloves of Crawling {Dex+3}
                  | (Okawaru gifted it to you on level 14 of the Dungeon)
 26629 | D:14     | Received a gift from Okawaru
 26660 | D:14     | Reached XP level 16. HP: 55/136 MP: 20/25
 26776 | D:14     | Got the Octavo of Fey Conflagration
 27115 | D:14     | Reached skill level 24 in Dodging
 27240 | D:15     | Entered Level 15 of the Dungeon
 27248 | Abyss:2  | Cast into level 2 of the Abyss (a wizard)
 27289 | Abyss:2  | Found a corrupted altar of Lugonu.
 27356 | Abyss:2  | Found a corrupted altar of Lugonu.
 27356 | Abyss:2  | Found a corrupted altar of Lugonu.
 27356 | Abyss:2  | Found a corrupted altar of Lugonu.
 27463 | Abyss:2  | Noticed a kraken
 27567 | Abyss:2  | Noticed a bone dragon
 27647 | Abyss:2  | Noticed a tentacled starspawn
 27661 | Abyss:2  | Killed a tentacled starspawn
 27689 | Abyss:2  | Noticed a bone dragon
 27691 | Abyss:2  | Noticed a hellephant
 27694 | Abyss:2  | Noticed a tentacled starspawn
 27701 | Abyss:2  | Noticed a tentacled starspawn
 27714 | Abyss:2  | Killed a tentacled starspawn
 27766 | Abyss:3  | Paralysed by accursed screaming for 1 turns
 27769 | Abyss:3  | Lost intelligence.
 27777 | Abyss:3  | HP: 4/136 [green very ugly thing (5)]
 27778 | Abyss:3  | Slain by a green very ugly thing

Illustrated notes

Levels and vault maps discovered:
D:1:      wander_arrival_estate, layout_rooms, serial_shops,
          nicolae_shop_real_fake_doors
D:2:      layout_loops_ring, minmay_pentomino_r4, uniq_sigmund
D:3:      layout_loops_ring, shapermc_ecumenical_altar_mp_vishouse,
          kennysheep_cluttered_room, roderic_roman_lattice, uniq_ijyb
D:4:      layout_basic, fedhas_altar_1
D:5:      layout_cave_pools, lemuel_tele_altar, serial_column_ruins,
          column_ruins_columns_straight, column_ruins_open_small,
          column_ruins_columns_straight, column_ruins_open_tiny,
          column_ruins_columns_straight, kennysheep_small_circle
D:6:      layout_cave_pods
D:7:      layout_gridville, lemuel_mausoleum_altar_yredelemnul,
          mainiacjoe_overflow_small_starburst, minmay_temple_entry_mini_moons,
          item_on_display_a, uniq_joseph
D:8:      layout_layer_cave, mainiacjoe_overflow_tiny_flanked, erik_lair_dragon,
          minmay_quadrilaterals
D:9:      layout_rooms, kb_xom_exploding_sheep, general_overflow_altar,
          serial_glass, glass_columns_b, glass_columns_a, glass_columns_b,
          glass_columns_c, glass_columns_a, glass_columns_b
D:10:     layout_loops_ring, nicolae_shop_firing_range
D:11:     layout_stronghold, uniq_fannar, uniq_erica, uniq_nergalle
D:12:     layout_roguey, erik_orc_2, uniq_urug
D:13:     layout_stronghold, ximxim_vaults_locker_room, uniq_maurice
D:14:     layout_basic, roderic_lattice_a, portal_ice_cave_entry_ugly_swarm
D:15:     grunt_enter_depths_snipers, layout_cave_pools, uniq_agnes
Temple:   minmay_freezing_vapour_temple
Lair:1:   layout_loops_ring, cheibrodos_lair_reptile_den, grunt_megastairs_5
Lair:2:   minmay_lair_oklob_chamber, layout_misc_corridors,
          spider_nest_entry_rubble, grunt_megastairs_2, serial_bayou_shore_b
Lair:3:   layout_chaotic_city, swamp_mist, uniq_snorg
Lair:4:   layout_long_grid, slime_entry_1, hellmonk_guarded_unrand_zhor,
          uniq_josephine
Lair:5:   grunt_lair_end_beastmaster, layout_misc_corridors,
          chequers_serial_rivers_room_a, grunt_megastairs_1,
          serial_bayou_shore_a, serial_bayou_shore_b, infiniplex_staircase_pool
Orc:1:    layout_caves, serial_shops, shop, led_sif_book
Orc:2:    st_orc_mages, layout_diamond_mine, library_closet,
          hellmonk_bongcloud_opening
Abyss:3:  base: Orc:2, evilmike_abyss_exit_17, doesnt_abyss_rune_brain_food,
          hangedman_abyss_exit_choices

Skill      XL: |  1  2  3  4  5  6  7  8  9 10 11 12 13 14 15 16 |
---------------+-------------------------------------------------+-----
Long Blades    | 3 4 6 7 9 11 13 14 | 14.0
Fighting       | 4 5 6 7 11 12 13 15 | 15.6
Dodging        | 1 5 8 12 15 16 18 21 23 24 | 24.6
Invocations    | 3 6 9 11 12 | 12.0
Armour         | |  2.1
Shields        | |  3.0

Action                     |  1- 3 |  4- 6 |  7- 9 | 10-12 | 13-15 | 16-18 || total
---------------------------+-------+-------+-------+-------+-------+-------++-------
  Melee: Long sword        |   108 |   105 |       |       |       |       ||   213
         Falchion          |       |     7 |   292 |   547 |       |       ||   846
         Scimitar          |       |       |       |   540 |  1694 |   234 ||  2468
         Tailslap          |       |       |       |    11 |    13 |       ||    24
  Throw: Boomerang         |       |       |       |    56 |    33 |       ||    89
         Throwing net      |       |       |       |     1 |       |       ||     1
 Invoke: Heroism           |       |       |       |     4 |     6 |     1 ||    11
         Finesse           |       |       |       |     2 |     5 |     2 ||     9
  Evoke: Wand              |       |     5 |    12 |    11 |     1 |       ||    29
    Use: Scroll            |     2 |     7 |     1 |     6 |     8 |     1 ||    25
         Potion            |       |     1 |       |     4 |     3 |     1 ||     9
   Stab: Invisible         |       |       |     4 |    11 |     2 |       ||    17
         Distracted        |       |       |       |     1 |     1 |       ||     2
         Petrified         |       |       |       |       |     4 |       ||     4
         Petrifying        |       |       |       |       |     1 |       ||     1
 Armour: Scale mail        |    54 |    40 |    37 |     1 |       |       ||   132
         Steam dragon scal |       |       |       |    23 |       |       ||    23
         Ring mail         |       |       |       |     5 |       |       ||     5
         Acid dragon scale |       |       |       |    38 |    87 |       ||   125
         Animal skin       |       |       |       |       |   119 |    35 ||   154
         Troll leather arm |       |       |       |       |     7 |       ||     7
  Dodge: Dodged            |    48 |    28 |   122 |   612 |  1292 |   300 ||  2402
  Block: Buckler           |    47 |    62 |   101 |   435 |   634 |   123 ||  1402
         Reflection        |       |     2 |     4 |    24 |     9 |     1 ||    40

Table legend: (Time is in decaauts)
 A = Elapsed time spent in this place.
 B = Non-inter-level travel time spent in this place.
 C = Inter-level travel time spent in this place.
 D = Time resting spent in this place.
 E = Time spent auto-exploring this place.
 F = Levels seen in this place.
 G = Mean time per level.
                   A        B        C        D        E       F      G
               +--------+--------+--------+--------+--------+-----+--------+
         Total |  26864 |  25676 |   1188 |   5075 |  14402 |  26 | 1033.2 |
       Dungeon |  16830 |  16113 |    717 |   2821 |  10221 |  15 | 1122.0 |
        Temple |    106 |    106 |      0 |    100 |      0 |   1 |  106.0 |
          Lair |   5355 |   5002 |    353 |    701 |   2866 |   5 | 1071.0 |
  Orcish Mines |   2998 |   2881 |    117 |   1073 |    969 |   2 | 1499.0 |
         Abyss |    446 |    446 |      0 |     39 |      0 |   2 |  223.0 |
      Ice Cave |   1126 |   1126 |      0 |    340 |    345 |   1 | 1126.0 |
               +--------+--------+--------+--------+--------+-----+--------+

Top non-repeatable levels by time:
     D:8: 2424 daAuts
   Orc:2: 2394 daAuts
    D:11: 2177 daAuts
    D:12: 2112 daAuts
  Lair:5: 1276 daAuts
    D:14: 1206 daAuts
     D:7: 1167 daAuts
   IceCv: 1126 daAuts
  Lair:4: 1122 daAuts
     D:6: 1052 daAuts
  Lair:2: 1028 daAuts
     D:3: 1012 daAuts
     D:5: 995 daAuts
  Lair:3: 976 daAuts
    D:13: 965 daAuts
